 Dungeon Crawl Stone Soup version 0.23-a0-309-ge7838e6 (webtiles) character file.

26712 RoseArtemis the Sharpshooter (level 13, -5/84 HPs)
             Began as a Kobold Hunter on Oct 11, 2018.
             Was a High Priest of Dithmenos.
             Slain by a komodo dragon (9 damage)
             ... on level 5 of the Lair of Beasts.
             The game lasted 00:53:06 (16632 turns).

RoseArtemis the Sharpshooter (Kobold Hunter)       Turns: 16632, Time: 00:53:07

Health: -5/84      AC: 19    Str: 10    XL:     13   Next: 60%
Magic:  13/13      EV: 19    Int: 12    God:    Dithmenos [*****.]
Gold:   919        SH:  0    Dex: 20    Spells: 12/12 levels left

rFire    . . .     SeeInvis .   b - +0 short sword (protect)
rCold    + . .     Gourm    .   (shield restricted)
rNeg     . . .     Faith    .   w - +1 ring mail {rPois}
rPois    +         Spirit   .   O - +2 helmet
rElec    .         Reflect  .   N - +0 cloak
rCorr    .         Harm     .   u - +0 pair of gloves
MR       +....                  (no boots)
Stlth    ++++++++..             k - amulet of regeneration
HPRegen  0.64/turn              o - ring of protection from magic
MPRegen  0.13/turn              n - ring of protection from cold

@: protection aura, wreathed by umbra
A: small, carnivore
a: Shadow Step, Shadow Form, Renounce Religion


You were on level 5 of the Lair of Beasts.
You worshipped Dithmenos.
Dithmenos was extremely pleased with you.
You were very full.

You visited 3 branches of the dungeon, and saw 17 of its levels.
You also visited: Sewer and Ossuary.

You collected 919 gold pieces.

Inventory:

Hand Weapons
 a - a +3 arbalest
 b - a +0 short sword of protection (weapon)
Armour
 u - a +0 pair of gloves (worn)
 w - a +1 ring mail of poison resistance (worn)
 M - the +3 ring mail "Jushrugrui" {*Drain rC+ MR+++ Regen+}
   (You found it on level 7 of the Dungeon)

   It protects you from cold.
   It affects your resistance to hostile enchantments.
   It increases your rate of regeneration.
   It causes draining when unequipped.
 N - a +0 cloak (worn)
 O - a +2 helmet (worn)
 Q - a +0 troll leather armour
 T - a +0 crystal plate armour
Jewellery
 k - an amulet of regeneration (around neck)
 n - a ring of protection from cold (right hand)
 o - a ring of protection from magic (left hand)
 z - a +2 amulet of reflection
 H - an uncursed ring of see invisible
Wands
 e - a wand of iceblast (11)
 x - a wand of random effects (65)
 y - a wand of acid (23)
 A - a wand of digging (18)
 K - a wand of flame (46)
 S - a wand of paralysis (14)
Scrolls
 c - 5 scrolls of fear
 l - 8 scrolls of magic mapping
 p - 3 scrolls of immolation {unknown}
 q - 3 scrolls of amnesia
 r - 7 scrolls of remove curse
 s - 2 scrolls of teleportation
 B - a scroll of random uselessness {unknown}
 G - a scroll of holy word {unknown}
 I - 2 scrolls of enchant armour {unknown}
 P - 2 scrolls of noise {unknown}
Potions
 g - 4 potions of degeneration {unknown}
 h - 2 potions of agility {unknown}
 i - 5 potions of flight
 j - a potion of curing
 t - 4 potions of heal wounds {unknown}
 v - 6 potions of lignification
 C - 2 potions of might {unknown}
 D - 3 potions of magic
 E - 3 potions of haste {unknown}
 J - 4 potions of brilliance {unknown}
 L - a potion of experience {unknown}
Comestibles
 f - 27 rations


   Skills:
 + Level 11.1 Fighting
 + Level 7.7 Short Blades
 * Level 16.4 Crossbows
 - Level 5.0 Armour
 + Level 8.9 Dodging
 - Level 12.0 Stealth


You had 12 spell levels left.
You didn't know any spells.
Your spell library contained the following spells:

 Spells                   Type           Power        Failure   Level  Hunger
 Animate Skeleton         Necr           N/A          61%         1    ##.....
 Apportation              Tloc           #.....       61%         1    ##.....
 Confusing Touch          Hex            #.....       61%         1    ##.....
 Pain                     Necr           #...         61%         1    ##.....
 Summon Small Mammal      Summ           #...         61%         1    ##.....
 Regeneration             Chrm/Necr      #.........   93%         3    ####...
 Vampiric Draining        Necr           #.........   93%         3    ####...
 Animate Dead             Necr           N/A          100%        4    #####..
 Bolt of Magma            Conj/Fire/Erth #.........   100%        5    ######.
 Iskenderun's Battlesphe  Conj/Chrm      #.......     100%        5    ######.
 Venom Bolt               Conj/Pois      #.........   100%        5    ######.
 Iron Shot                Conj/Erth      #.........   100%        6    #######
 Orb of Destruction       Conj           #.........   100%        7    #######
 Spellforged Servitor     Conj/Summ      #.........   100%        7    #######


Dungeon Overview and Level Annotations

Branches:
Dungeon (11/15)            Temple (1/1) D:6            Lair (5/6) D:10
 Shoals (0/4) Lair:4        Snake (0/4) Lair:3          Orc (0/2) D:10
  Slime: Lair:5-6

Altars:
Ashenzari
Cheibriados
Dithmenos
Elyvilon
Fedhas
Gozag
Hepliaklqana
Kikubaaqudgha
Makhleb
Nemelex Xobeh
Okawaru
Qazlal
Ru
Sif Muna
Trog
Uskayaw
Vehumet
Wu Jian
Xom
Yredelemnul
Zin
The Shining One
Beogh

Shops:
D:5 [   D:8 [

Annotations:
D:2 1 runed door


Innate Abilities, Weirdness & Mutations

You are small and have problems with some larger weapons.
You are carnivorous and can eat meat at any time.


Message History

You hit the komodo dragon.
Your ring mail prevents you from hitting the komodo dragon.
Your shadow hits the komodo dragon but does no damage.
The komodo dragon closely misses you.
You hit the komodo dragon but do no damage.
Your shadow hits the komodo dragon with a short sword.
The komodo dragon barely misses you.
You hit the komodo dragon but do no damage.
You hit the komodo dragon but do no damage.
The komodo dragon bites you!
* * * LOW HITPOINT WARNING * * *
You hit the komodo dragon but do no damage.
Your shadow hits the komodo dragon but does no damage.
The komodo dragon bites you but does no damage.
You hit the komodo dragon but do no damage.
Your shadow hits the komodo dragon but does no damage.
The komodo dragon closely misses you.
You hit the komodo dragon but do no damage.
You hit the komodo dragon. The komodo dragon bites you!
You die...

### #.# #..
/.## ##..#
#P..####..
#@((.(..(
#l.......#
...........
............#
......#.......#
.......#......#
.....P. .....##
(.....# P....#


You could see a komodo dragon.

Vanquished Creatures
  2 hydras
  A catoblepas (Lair:2)
  The ghost of Soeti the Covert, a journeyman OpTm of Cheibriados (Lair:1)
  4 black mambas
  5 elephants
  Joseph (D:8)
  A merfolk siren (Lair:4)
  10 spiny frogs
  4 komodo dragons (Lair:1)
  A troll (D:9)
  A polar bear (Lair:2)
  Prince Ribbit (D:7)
  Grinder (D:3)
  5 hippogriffs
  12 blink frogs
  A shadow (D:11)
  2 wyverns
  11 yaks
  A wraith (D:11)
  Menkaure (D:6)
  3 wargs (D:10)
  5 water moccasins
  8 porcupines
  A black bear (D:6)
  4 sky beasts
  7 orc warriors
  4 phantoms
  2 ice beasts
  7 ogres
  4 necrophages
  14 wolves
  4 centaurs
  7 crocodiles
  13 bullfrogs
  11 big kobolds
  4 water moccasin zombies
  2 scorpions
  3 wights (D:7)
  3 electric eels (Lair:4)
  8 crimson imps
  3 centaur zombies
  2 howler monkeys
  A bullfrog zombie (D:9)
  A quasit (D:10)
  3 hounds
  3 jellies
  10 orc priests
  A gnoll shaman (D:8)
  2 bullfrog skeletons (D:4)
  10 orc wizards
  A centaur skeleton (D:10)
  Jessica (D:3)
  3 iguanas
  6 worker ants
  3 big kobold zombies (Ossuary)
  Robin (D:3)
  A hound skeleton (D:5)
  2 mummies (Ossuary)
  A worker ant zombie (D:3)
  5 gnolls
  2 howler monkey skeletons
  2 river rats (Sewer)
  11 adders
  2 shadow imps
  5 oozes
  5 adder zombies (Ossuary)
  A worm (D:5)
  A dart slug (D:3)
  71 orcs
  5 bats
  2 giant cockroaches (D:1)
  13 hobgoblins
  8 jackals
  A quokka (D:3)
  4 ball pythons
  5 frilled lizards
  2 gnoll zombies (Ossuary)
  21 goblins
  6 hobgoblin zombies (Ossuary)
  53 kobolds
  6 kobold zombies (Ossuary)
  A leopard gecko zombie (D:6)
  6 orc zombies (Ossuary)
  A quokka skeleton (D:4)
  A quokka zombie (D:8)
  12 rats
  A fungus (Lair:2)
488 creatures vanquished.

Vanquished Creatures (others)
  2 fungi
  6 plants
8 creatures vanquished.

Grand Total: 496 creatures vanquished

Notes
Turn   | Place    | Note
-------+----------+-------------------------------------------
     0 | D:1      | RoseArtemis the Kobold Hunter began the quest for the Orb.
     0 | D:1      | Reached XP level 1. HP: 12/12 MP: 1/1
    82 | D:1      | Reached skill level 5 in Crossbows
   122 | D:1      | Reached XP level 2. HP: 18/18 MP: 2/2
   404 | D:1      | You fall through a shaft!
   424 | D:2      | Reached XP level 3. HP: 22/22 MP: 3/3
   791 | D:2      | Found a runed door.
   998 | D:2      | Reached XP level 4. HP: 27/27 MP: 4/4
  1031 | D:2      | Found a radiant altar of Vehumet.
  1373 | D:3      | Reached XP level 5. HP: 32/32 MP: 5/5
  1420 | D:3      | Noticed Jessica
  1423 | D:3      | Killed Jessica
  1423 | D:3      | Reached skill level 6 in Crossbows
  1442 | D:3      | Noticed Grinder
  1448 | D:3      | Paralysed by Grinder for 4 turns
  1460 | D:3      | Killed Grinder
  1460 | D:3      | Reached XP level 6. HP: 28/38 MP: 6/6
  1471 | D:3      | Reached skill level 7 in Crossbows
  1631 | D:3      | Reached XP level 7. HP: 42/42 MP: 7/7
  1806 | D:3      | Found a glowing silver altar of Zin.
  2184 | D:3      | Noticed Robin
  2216 | D:3      | Killed Robin
  2869 | D:4      | Reached skill level 5 in Stealth
  3203 | D:5      | Entered Level 5 of the Dungeon
  3234 | D:5      | Found Fesezerr's Armour Boutique.
  3258 | D:5      | Found a glowing drain.
  3270 | Sewer    | Entered a sewer
  3338 | Sewer    | Reached XP level 8. HP: 48/48 MP: 8/8
  3339 | Sewer    | Reached skill level 8 in Crossbows
  3339 | Sewer    | Reached skill level 5 in Dodging
  3548 | Sewer    | Reached skill level 5 in Fighting
  3956 | D:5      | Reached skill level 9 in Crossbows
  4197 | D:5      | Reached skill level 1 in Armour
  4382 | D:5      | Reached XP level 9. HP: 54/55 MP: 9/9
  4924 | D:6      | Found a shimmering altar of Xom.
  4938 | D:6      | Reached skill level 10 in Crossbows
  4971 | D:6      | Found a stormy altar of Qazlal.
  4984 | D:6      | Found a staircase to the Ecumenical Temple.
  5065 | Temple   | Entered the Ecumenical Temple
  5260 | Temple   | Became a worshipper of Dithmenos the Shadowed
  5356 | D:6      | Noticed Menkaure
  5363 | D:6      | Killed Menkaure
  5702 | D:6      | Found a white marble altar of Elyvilon.
  5797 | D:6      | Reached * piety under Dithmenos
  6167 | D:6      | Reached skill level 11 in Crossbows
  6167 | D:6      | Reached XP level 10. HP: 25/61 MP: 10/10
  6520 | D:6      | Found a blossoming altar of Fedhas.
  6818 | D:7      | Got a crude ring mail
  6829 | D:7      | Found a sand-covered staircase.
  6835 | Ossuary  | Entered an ossuary
  7002 | Ossuary  | Reached ** piety under Dithmenos
  7176 | D:7      | Noticed Prince Ribbit
  7179 | D:7      | Killed Prince Ribbit
  7551 | D:7      | Noticed Joseph
  7563 | D:8      | Killed Joseph
  7820 | D:8      | Found an ancient bone altar of Kikubaaqudgha.
  7832 | D:8      | Reached skill level 12 in Crossbows
  7855 | D:8      | Identified the +3 ring mail "Jushrugrui" {*Drain rC+ MR+++
                  | Regen+} (You found it on level 7 of the Dungeon)
  7953 | D:8      | Found an iron altar of Okawaru.
  8005 | D:8      | Found Lilefato's Armour Emporium.
  8017 | D:8      | Reached *** piety under Dithmenos
  8194 | D:8      | Found a roughly hewn altar of Beogh.
  8589 | D:9      | Reached skill level 10 in Stealth
  8729 | D:9      | Reached XP level 11. HP: 67/67 MP: 11/11
  8957 | D:9      | Reached **** piety under Dithmenos
  9241 | D:10     | Entered Level 10 of the Dungeon
  9541 | D:10     | Reached skill level 13 in Crossbows
  9558 | D:10     | Found a staircase to the Lair.
 10006 | D:10     | Reached skill level 5 in Armour
 10117 | D:10     | Found a staircase to the Orcish Mines.
 12277 | Lair:1   | Entered Level 1 of the Lair of Beasts
 12304 | Lair:1   | Reached skill level 1 in Short Blades
 12442 | Lair:1   | Reached skill level 14 in Crossbows
 12490 | Lair:1   | Found a runed gate.
 12490 | Lair:1   | Found a runed gate.
 12492 | Lair:1   | Found a runed gate.
 12495 | Lair:1   | Noticed Soeti's ghost (journeyman OpTm)
 12594 | Lair:1   | Reached XP level 12. HP: 76/76 MP: 12/12
 12684 | Lair:1   | Reached ***** piety under Dithmenos
 13183 | Lair:1   | Killed Soeti's ghost
 13727 | Lair:2   | Noticed a five-headed hydra
 13729 | Lair:2   | Noticed a catoblepas
 13733 | Lair:2   | Killed a five-headed hydra
 13733 | Lair:2   | Reached skill level 10 in Fighting
 13828 | Lair:2   | Reached skill level 15 in Crossbows
 13850 | Lair:2   | Killed a catoblepas
 13850 | Lair:2   | Reached skill level 5 in Short Blades
 14523 | Lair:2   | Reached XP level 13. HP: 45/83 MP: 13/13
 14826 | Lair:3   | Found a staircase to the Snake Pit.
 15230 | Lair:3   | Noticed a five-headed hydra
 15372 | Lair:3   | Killed a five-headed hydra
 15541 | Lair:4   | Reached skill level 16 in Crossbows
 16116 | Lair:4   | Found a staircase to the Shoals.
 16458 | Lair:5   | Noticed a six-headed hydra
 16628 | Lair:5   | HP: 2/84 [komodo dragon (13)]
 16632 | Lair:5   | Slain by a komodo dragon

Vault maps used:
D:1:      lemuel_arrival_lava_pool
D:2:      old_standard_altar, uniq_crazy_yiuf_cottage
D:3:      kennysheep_goblin_castle, nicolae_overflow_hidden_temple,
          uniq_jessica, uniq_grinder
D:4:      chequers_big_river
D:5:      minmay_goblin_kobold_castle, first_ration,
          cheibrodos_sewer_entry_bend, serial_shops, nicolae_shop_stone
D:6:      xom_butterflies, lemuel_coloured_pillars_altar,
          grunt_qazlal_sundering, minmay_temple_entry_statues, basic_altar,
          uniq_menkaure
D:7:      nicolae_ossuary_entry_plus, uniq_joseph, uniq_prince_ribbit1
D:8:      kiku_gazebo_garden_becter, serial_shops, shop, special_room,
          grunt_ogre_cave, kennysheep_okawaru_gauntlet
D:9:      kennysheep_generic_room_9
D:10:     erik_lair_orcish_takeover, orc_0_dummy
D:11:     st_stairs_7
Temple:   regret_index_temple_sphere_string
Lair:1:   ebering_ghost_rock_garden, beast_lair_carwin_2
Lair:2:   minivault_26, infiniplex_staircase_pool_2
Lair:3:   dummy_snake_entry
Lair:4:   minmay_shoals_entry_lonely_mermaid, serial_bayou_shore_a,
          grunt_megastairs_2
Lair:5:   slime_altar_1, gammafunk_lair_bear_cave, grunt_megastairs_1,
          serial_bayou_shore_b, infiniplex_staircase_pool
Sewer:    sewer_co_15_rooms
Ossuary:  ossuary_tomb_2

Skill      XL: |  1  2  3  4  5  6  7  8  9 10 11 12 13 |
---------------+----------------------------------------+-----
Crossbows      | 5 6 7 9 11 12 14 15 16 | 16.4
Stealth        | 2 3 4 5 6 8 10 11 12 | 12.0
Dodging        | 3 4 5 7 8 |  8.9
Fighting       | 3 4 5 6 8 9 10 11 | 11.1
Armour         | 1 3 4 5 |  5.0
Short Blades   | 2 5 7 |  7.7

Action                   |  1- 3 |  4- 6 |  7- 9 | 10-12 | 13-15 || total
-------------------------+-------+-------+-------+-------+-------++-------
Melee: Unarmed           |       |       |       |    28 |       ||    28
       Arbalest          |       |       |       |     2 |       ||     2
       Short sword       |       |       |       |   109 |    10 ||   119
       Rapier            |       |       |       |    21 |       ||    21
 Fire: Hand crossbow     |    57 |    49 |   204 |       |       ||   310
       Arbalest          |       |       |   193 |   701 |   230 ||  1124
  Use: Scroll            |       |     4 |     8 |     8 |     3 ||    23
       Potion            |       |       |     2 |     8 |     1 ||    11
  Eat: Chunk             |     9 |     1 |    14 |    31 |     6 ||    61
Armor: Leather armour    |     2 |       |     7 |       |       ||     9
       Ring mail         |       |       |    35 |    47 |    49 ||   131
       Troll leather arm |       |       |       |    86 |       ||    86
       Skin              |       |       |       |    22 |       ||    22
Dodge: Dodged            |    14 |     8 |   128 |   561 |   182 ||   893

Table legend:
 A = Non-vault XP
 B = Vault XP
 C = Vault XP percentage of total XP
 D = Non-vault monster count
 E = Vault monster count
 F = Vault count percentage of total count
                 A         B        C        D         E       F
            +---------+---------+-------+---------+---------+-------
      Total |   31520 |    6640 |  17.4 |     316 |     171 |  35.1
            +---------+---------+-------+---------+---------+-------
        D:1 |      27 |       0 |   0.0 |      18 |       0 |   0.0
        D:2 |      88 |       0 |   0.0 |      12 |       0 |   0.0
        D:3 |     172 |     377 |  68.7 |      28 |      23 |  45.1
        D:4 |     225 |       0 |   0.0 |      11 |       0 |   0.0
        D:5 |     494 |     581 |  54.0 |      11 |      47 |  81.0
        D:6 |    1417 |     175 |  11.0 |      31 |       1 |   3.1
        D:7 |    1291 |     286 |  18.1 |      18 |       1 |   5.3
        D:8 |    1061 |     961 |  47.5 |      21 |      29 |  58.0
        D:9 |     580 |      55 |   8.7 |       9 |       1 |  10.0
       D:10 |    2514 |     624 |  19.9 |      38 |       8 |  17.4
       D:11 |    1712 |     226 |  11.7 |      27 |       2 |   6.9
     Lair:1 |    2616 |    1879 |  41.8 |       9 |       5 |  35.7
     Lair:2 |    8001 |       0 |   0.0 |      27 |       0 |   0.0
     Lair:3 |    6122 |       0 |   0.0 |      29 |       0 |   0.0
     Lair:4 |    5200 |     629 |  10.8 |      27 |       3 |  10.0
      Sewer |       0 |     453 | 100.0 |       0 |      18 | 100.0
    Ossuary |       0 |     394 | 100.0 |       0 |      33 | 100.0
            +---------+---------+-------+---------+---------+-------
